 Dungeon Crawl Stone Soup version 0.24.0-125-gc4c63601f3 (webtiles) character file.

Game seed: 2267156634162302785, levelgen mode: deterministic

685 straycat the Sneak (level 7, 0/44 HPs)
             Began as a Vampire Fighter on Mar 10, 2020.
             Killed by divine providence
             ... invoked by an orc priest
              (16 damage)
             ... on level 4 of the Dungeon.
             The game lasted 00:14:53 (3679 turns).

straycat the Sneak (Vampire Fighter)                Turns: 3679, Time: 00:14:54

Health: 0/44       AC:  7    Str: 15    XL:     7   Next: 35%
Magic:  7/7        EV: 10    Int: 11    God:
Gold:   300        SH:  8    Dex: 15    Spells: 6/6 levels left

rFire    . . .     SeeInvis +   m - +2 short sword (protect)
rCold    + + .     Gourm    .   c - +0 shield
rNeg     + + +     Faith    .   b - +0 scale mail
rPois    ∞         Spirit   .   p - +0 helmet
rElec    .         Reflect  .   (no cloak)
rCorr    .         Harm     +   (no gloves)
MR       .....                  (no boots)
Stlth    ++++......             o - amulet of harm
HPRegen  0.00/turn              (no ring)
MPRegen  0.10/turn              (no ring)

@: bloodless
A: no food, fangs 3, see invisible, unbreathing
a: Bat Form, Revivify


You were on level 4 of the Dungeon.
You were bloodless.

You visited 1 branch of the dungeon, and saw 4 of its levels.

You collected 300 gold pieces.

Inventory:

Hand Weapons
 a - a +0 rapier
 d - a +0 spear
 l - a +0 scythe
 m - a +2 short sword of protection (weapon)
Missiles
 e - 62 arrows
 q - 17 poisoned darts (quivered)
 B - 28 bolts
Armour
 b - a +0 scale mail (worn)
 c - a +0 shield (worn)
 n - a +0 animal skin
 p - a +0 helmet (worn)
 r - a +0 ring mail
Jewellery
 o - an amulet of harm (around neck)
 s - an uncursed ring of ice {unknown}
 y - a +2 ring of intelligence
Wands
 w - a wand of paralysis (6)
Scrolls
 i - 2 scrolls of magic mapping
 j - a scroll of amnesia
 k - a scroll of remove curse
 t - a scroll of teleportation {unknown}
 x - a scroll of blinking {unknown}
 A - a scroll of fog {unknown}
Potions
 f - a potion of berserk rage
 g - a potion of invisibility {unknown}
 h - 2 potions of heal wounds
 v - a potion of brilliance
 z - a potion of curing {unknown}


   Skills:
 + Level 4.5 Fighting
 - Level 2.1 Short Blades
 - Level 2.4 Armour
 * Level 6.1 Dodging
 + Level 6.1 Stealth
 - Level 2.6 Shields


You had 6 spell levels left.
You didn't know any spells.
Your spell library was empty.

Dungeon Overview and Level Annotations

Branches:
Dungeon (4/15)
 Temple: D:4-7

Altars:
Elyvilon
Qazlal
Xom
Zin


Innate Abilities, Weirdness & Mutations

You do not eat.
You do not regenerate when monsters are visible.
You are frail without blood (-20% HP).
You can heal yourself when you bite living creatures.
You are immune to poison.
You have razor-sharp teeth.
You have supernaturally acute eyesight. (SInv)
You can survive without breathing.


Message History

You block the orc wizard's attack.
The orc priest invokes the aid of Beogh against you.
Beogh smites you!
The orc priest hits you with a +0 hand axe.
The orc wizard looks braver for a moment.
You block the adder's attack.
Okay, then.
Okay, then.
As you read the scroll of identify, it crumbles to dust.
f - a potion of berserk rage You block the adder's attack.
As you read the scroll of identify, it crumbles to dust.
v - a potion of brilliance You block the adder's attack.
The adder bites you.
Unknown command.
You barely miss the adder. You bite the adder, but do no damage.
You block the adder's attack.
The orc priest calls down the wrath of Beogh upon you.
Beogh smites you!
You die...

.#.............#.# .#
....#........#.#.####.##
...............#.#.....#
..._..####.#...#.#.....###
...8..####......oo........
..._...........#o#.o...###
#.....#######..#o#oo......
#....<(........#S#.o...###
#.#...########.#@#......#
#<#............#.##.....#
###...##.....#.#.# .....#
......##.....#.#.# .....#
###............#.# .....#
########.....#..†# .....#
.....†.......#...# .....#
.....)...........#
..........#####(.#


You could see an orc priest, an orc wizard, an adder and 2 orcs.

Vanquished Creatures
  Sigmund (D:3)
  An ogre (D:4)
  A crimson imp (D:3)
  2 orc priests (D:4)
  Ijyb (D:3)
  2 worker ants (D:4)
  Natasha (D:3)
  2 orc wizards (D:4)
  Robin (D:3)
  8 adders
  An ooze (D:1)
  2 worms
  A dart slug (D:2)
  5 leopard geckos
  15 orcs
  3 bats
  6 giant cockroaches
  9 hobgoblins
  11 jackals (D:2)
  A quokka (D:3)
  3 frilled lizards
  11 goblins (D:3)
  9 kobolds
  9 rats
106 creatures vanquished.

Notes
Turn   | Place    | Note
-------+----------+-------------------------------------------
     0 | D:1      | straycat the Vampire Fighter began the quest for the Orb.
     0 | D:1      | Reached XP level 1. HP: 17/17 MP: 1/1
   452 | D:1      | Reached skill level 1 in Dodging
   452 | D:1      | Reached skill level 1 in Stealth
   515 | D:1      | Reached XP level 2. HP: 14/18 MP: 2/2
  1035 | D:2      | Reached XP level 3. HP: 21/23 MP: 3/3
  1510 | D:2      | Found a shimmering altar of Xom.
  1558 | D:2      | Reached XP level 4. HP: 22/28 MP: 4/4
  1605 | D:2      | Found a white marble altar of Elyvilon.
  2416 | D:3      | Noticed Sigmund
  2445 | D:3      | Killed Sigmund
  2445 | D:3      | Reached XP level 5. HP: 24/33 MP: 5/5
  2474 | D:3      | Reached XP level 6. HP: 30/38 MP: 6/6
  2494 | D:3      | Noticed Robin
  2509 | D:3      | Killed Robin
  2954 | D:3      | Noticed Ijyb
  2969 | D:3      | Killed Ijyb
  3025 | D:3      | Noticed Natasha
  3040 | D:3      | Killed Natasha
  3040 | D:3      | Reached skill level 5 in Dodging
  3040 | D:3      | Reached skill level 5 in Stealth
  3274 | D:4      | Found a stormy altar of Qazlal.
  3287 | D:4      | Reached XP level 7. HP: 42/43 MP: 7/7
  3478 | D:4      | Found a glowing silver altar of Zin.
  3679 | D:4      | Killed from afar by an orc priest

Levels and vault maps discovered:
D:1:      giann_bridges, layout_basic, minmay_box_of_dots
D:2:      layout_basic, elyvilon_altar_5, marbit_many_paths
D:3:      minmay_chambers_of_threes, layout_basic, uniq_sigmund, uniq_natasha,
          uniq_robin, uniq_ijyb
D:4:      layout_basic, chequers_temple_overflow_statue_of_worship, first_ration

Skill      XL: |  1  2  3  4  5  6  7 |
---------------+----------------------+-----
Dodging        | 1 2 4 5 6 |  6.1
Stealth        | 1 2 4 5 6 |  6.1
Fighting       | 3 4 |  4.5
Short Blades   | |  2.1
Armour         | |  2.4
Shields        | |  2.6

Action                   |  1- 3 |  4- 6 |  7- 9 || total
-------------------------+-------+-------+-------++-------
Melee: Rapier            |    55 |       |       ||    55
       Bite              |     8 |    15 |     6 ||    29
       Short sword       |    58 |   162 |    53 ||   273
 Abil: Exsanguinate      |     1 |       |       ||     1
  Use: Scroll            |       |     7 |     2 ||     9
       Potion            |       |     6 |       ||     6
 Stab: Sleeping          |     3 |     4 |     1 ||     8
Armor: Scale mail        |    75 |    67 |    13 ||   155
Dodge: Dodged            |    46 |    49 |    12 ||   107
Block: Shield            |    49 |    64 |    16 ||   129
